 Dungeon Crawl Stone Soup version 0.21.1-1-g345015fe64 (webtiles) character file.

2752 Nordon the Grappler (level 9, -8/75 HPs)
             Began as a Ghoul Fighter on May 11, 2018.
             Mangled by a two-headed ogre
             ... wielding a cursed -1 giant club
              (17 damage)
             ... on level 7 of the Dungeon.
             The game lasted 00:17:18 (6363 turns).

Nordon the Grappler (Ghoul Fighter)                 Turns: 6363, Time: 00:17:19

Health: -8/75      AC: 14    Str: 20    XL:     9   Next: 68%
Magic:  8/8        EV:  7    Int:  9    God:
Gold:   267        SH:  4    Dex: 12    Spells: 8/8 levels left

rFire    . . .     SeeInvis .     - Unarmed
rCold    + . .     Gourm    .   B - +0 buckler of the Eight Boll Weevils {Dex+4}
rNeg     + + +     Faith    .   v - +1 chain mail
rPois    ∞         Spirit   .   (no helmet)
rElec    .         Reflect  .   (no cloak)
rCorr    +         Harm     .   (no gloves)
MR       .....                  y - +2 pair of boots {run}
Stlth    ..........             (no amulet)
HPRegen  0.00/turn              R - ring of resist corrosion
MPRegen  0.11/turn              I - +3 ring of intelligence

@: rotting, quick
A: rotting body, claws 1, carnivore, cold resistance 1, negative energy
resistance 3, inhibited regeneration, torment resistance, unbreathing
a: no special abilities


You were on level 7 of the Dungeon.
You were not hungry.

You visited 1 branch of the dungeon, and saw 7 of its levels.
You also visited: Ossuary.

You collected 267 gold pieces.


Innate Abilities, Weirdness & Mutations

Your body is rotting away.
You thrive on raw meat.
You are immune to poison.
You have sharp fingernails.
You are carnivorous and can eat meat at any time.
Your flesh is cold resistant. (rC+)
You are immune to negative energy. (rN+++)
You do not regenerate when monsters are visible.
You are immune to unholy pain and torment.
You can survive without breathing.


   Skills:
 + Level 5.9 Fighting
 + Level 6.9 Armour
 + Level 0.0 Dodging
 + Level 2.6 Shields
 * Level 11.0 Unarmed Combat


You had 8 spell levels left.
You didn't know any spells.

Inventory:

Missiles
 i - 6 needles of confusion
 j - 20 poisoned needles
Armour
 a - a +0 scale mail
 b - a +0 shield
 v - a +1 chain mail (worn)
 y - a +2 pair of boots of running (worn)
 z - a +1 pair of gloves of archery
 B - the +0 buckler of the Eight Boll Weevils (worn) {Dex+4}
   (You acquired it in an ossuary)

   It affects your dexterity (+4).
Jewellery
 A - an uncursed amulet of harm
 I - a +3 ring of intelligence (right claw)
 R - a ring of resist corrosion (left claw)
 W - an uncursed ring of magical power
 Z - an uncursed ring of wizardry
Wands
 q - a wand of random effects (22)
 t - a wand of digging (28)
Scrolls
 e - 11 scrolls of identify {@r1}
 f - 4 scrolls of fear
 g - a scroll of immolation {unknown}
 k - 2 scrolls of teleportation {@r4}
 m - 4 scrolls of enchant armour
 p - 3 scrolls of enchant weapon
 r - a scroll of amnesia
 u - 3 scrolls of blinking
 x - 2 scrolls of remove curse {@r2}
 D - a scroll of magic mapping {unknown}
Potions
 c - 6 potions of curing {@q1}
 h - a potion of berserk rage {unknown}
 l - 3 potions of flight
 n - a potion of haste {@q3}
 o - 4 potions of heal wounds {@q2}
 w - a potion of magic {unknown}
Books
 s - a book of Cantrips

   Spells                             Type                      Level
   a - Confusing Touch                Hexes                        1
   b - Animate Skeleton               Necromancy                   1
   c - Summon Small Mammal            Summoning                    1
   d - Apportation                    Translocation                1
Comestibles
 d - 13 rations {@e1}
 C - 3 chunks of flesh

Dungeon Overview and Level Annotations

Branches:
Dungeon (7/15)
 Temple: D:4-7

Altars:
Ashenzari
Kikubaaqudgha
Nemelex Xobeh
Yredelemnul
The Shining One

Shops:
D:4 * D:5

( ......#. .#
######.#.#.#. .#
.......#.>.#.####.####
....##.....#.........###
.......................#
...........##...........
......# ##.##..........#
#.....# #.......@....#
#.....# #...#...O..###
#.....# #.#.#####.#....
#.##### #)#.## .# ....
..# #####'#..# .# ...
..# #...(....## .# ..
..# #.........# .# . ..#
#.........# .# #.#
###.....#<#


You could see a two-headed ogre.


Message History

The two-headed ogre is heavily wounded.
You hear a shout!
Evoke which item? (* to show all) (? for menu, Esc to quit)
Aiming: Random Effects
Press: ? - help, Shift-Dir - straight line, f/p - two-headed ogre
Aim: a two-headed ogre, wielding a giant club and a dire flail of holy wrath (heavily wounded, fast, lightly drained)
The puff of flame hits the two-headed ogre.
The two-headed ogre is heavily wounded.
The two-headed ogre barely misses you.
The two-headed ogre hits you with a dire flail of holy wrath.
You convulse.
You barely miss the two-headed ogre.
The two-headed ogre is heavily wounded.
The two-headed ogre hits you but does no damage. x2
Your chain mail prevents you from hitting the two-headed ogre.
The two-headed ogre is heavily wounded.
The two-headed ogre hits you with a giant club.
The two-headed ogre hits you with a dire flail of holy wrath.
You convulse.
You mangle the two-headed ogre!!
The two-headed ogre is severely wounded.
The two-headed ogre hits you with a giant club!!
The two-headed ogre hits you with a dire flail of holy wrath!
* * * LOW HITPOINT WARNING * * *
You convulse!!
* * * LOW HITPOINT WARNING * * *
You scratch the two-headed ogre.
The two-headed ogre is almost dead.
The two-headed ogre hits you with a giant club!
You die...

Skill      XL: |  1  2  3  4  5  6  7  8  9 |
---------------+----------------------------+-----
Unarmed Combat | 3 4 5 6 8 9 11 | 11.0
Armour         | 3 4 5 6 |  6.9
Fighting       | 4 5 |  5.9
Shields        | |  2.6

Action                   |  1- 3 |  4- 6 |  7- 9 || total
-------------------------+-------+-------+-------++-------
Melee: Unarmed           |   125 |   157 |   445 ||   727
Evoke: Wand              |       |       |     8 ||     8
  Use: Potion            |     1 |       |     2 ||     3
       Scroll            |       |       |    15 ||    15
  Eat: Chunk             |     5 |     5 |    33 ||    43
Armor: Scale mail        |    51 |    55 |    18 ||   124
       Chain mail        |       |       |   148 ||   148
Dodge: Dodged            |    37 |    19 |    85 ||   141
Block: Shield            |    65 |    62 |   114 ||   241
       Buckler           |       |       |    14 ||    14

Vault maps used:
D:1:      scummos_arrival_checkerplants
D:2:      hangedman_decor_slide_cut
D:3:      nrook_uturn, kennysheep_generic_room_16, uniq_natasha
D:4:      grunt_temple_overflow_holy_war, lemuel_coloured_pillars_altar,
          serial_shops, nicolae_shop_waterfront, nicolae_tso_carved_into_rock
D:5:      black_bear_nest_1, basic_altar, first_ration, serial_shops, shop,
          nemelex_diamond_rough_becter, uniq_sigmund, uniq_menkaure
D:6:      lightli_ossuary_entry_decrepit_ruins
D:7:      nicolae_ashenzari_panopticon, minmay_temple_entry_fiery
Ossuary:  ossuary_tomb_2

Notes
Turn   | Place    | Note
-------+----------+-------------------------------------------
     0 | D:1      | Nordon the Ghoul Fighter began the quest for the Orb.
     0 | D:1      | Reached XP level 1. HP: 19/19 MP: 0/0
   494 | D:1      | Reached XP level 2. HP: 26/26 MP: 1/1
   496 | D:1      | Reached skill level 3 in Unarmed Combat
  1166 | D:2      | Reached XP level 3. HP: 30/31 MP: 2/2
  1320 | D:2      | Reached skill level 3 in Armour
  1933 | D:3      | Noticed an ogre
  1942 | D:3      | Killed an ogre
  1942 | D:3      | Reached skill level 4 in Unarmed Combat
  1942 | D:3      | Reached XP level 4. HP: 34/38 MP: 3/3
  1942 | D:3      | Reached XP level 5. HP: 40/45 MP: 4/4
  1959 | D:3      | Reached skill level 5 in Unarmed Combat
  2063 | D:3      | Noticed Natasha
  2078 | D:3      | Killed Natasha
  2078 | D:3      | Reached skill level 4 in Armour
  2078 | D:3      | Reached XP level 6. HP: 43/51 MP: 5/5
  2156 | D:3      | Reached skill level 6 in Unarmed Combat
  2836 | D:4      | Reached XP level 7. HP: 28/57 MP: 6/6
  2853 | D:4      | Found Fompopn's General Store.
  2897 | D:4      | Found a basalt altar of Yredelemnul.
  2902 | D:4      | Found a glowing golden altar of the Shining One.
  2904 | D:4      | Noticed an angel
  2988 | D:4      | Reached skill level 7 in Unarmed Combat
  3372 | D:5      | Entered Level 5 of the Dungeon
  3595 | D:5      | Reached skill level 5 in Armour
  3780 | D:5      | Reached skill level 8 in Unarmed Combat
  3862 | D:5      | Found a shattered altar of Ashenzari.
  3899 | D:5      | Noticed Sigmund
  3912 | D:5      | Killed Sigmund
  3912 | D:5      | Reached XP level 8. HP: 63/63 MP: 7/7
  4213 | D:5      | Reached skill level 9 in Unarmed Combat
  4420 | D:5      | Found Haupraups's Weapon Boutique.
  4479 | D:5      | Noticed Menkaure
  4491 | D:5      | Killed Menkaure
  4491 | D:5      | Reached skill level 4 in Fighting
  4566 | D:5      | Found a sparkling altar of Nemelex Xobeh.
  4713 | D:5      | Reached skill level 6 in Armour
  4973 | D:6      | Reached XP level 9. HP: 71/72 MP: 8/8
  5012 | D:6      | Reached skill level 10 in Unarmed Combat
  5056 | D:6      | Found a sand-covered staircase.
  5070 | Ossuary  | Entered an ossuary
  5205 | Ossuary  | Reached skill level 5 in Fighting
  5281 | Ossuary  | Identified 3 scrolls of acquirement
  5296 | Ossuary  | Got a spiked buckler
  5307 | Ossuary  | Identified the +0 buckler of the Eight Boll Weevils {Dex+4} (You acquired it in an ossuary)
  5314 | Ossuary  | Identified a +2 pair of boots of running (You acquired it in an ossuary)
  5481 | D:6      | Noticed Natasha
  5495 | D:6      | Killed Natasha
  5787 | D:4      | Found a glowing golden altar of the Shining One.
  5895 | D:4      | Found an ancient bone altar of Kikubaaqudgha.
  6293 | D:7      | Reached skill level 11 in Unarmed Combat
  6355 | D:7      | Noticed a two-headed ogre
  6363 | D:7      | Mangled by a two-headed ogre

Vanquished Creatures
  Sigmund (D:5)
  Menkaure (D:5)
  An orc warrior (D:7)
  2 black bears
  A sky beast (D:5)
  2 ogres
  A centaur (D:6)
  3 bullfrogs
  2 water moccasin zombies (Ossuary)
  3 killer bees (D:7)
  2 howler monkeys
  2 crimson imps (D:7)
  2 bullfrog zombies (D:6)
  6 orc priests
  A centaur skeleton (D:4)
  A hound (D:5)
  2 jellies
  11 orc wizards
  2 bullfrog skeletons (D:4)
  An iguana (D:5)
  Natasha (twice) (D:3 D:6)
  4 worker ants
  2 big kobold zombies (Ossuary)
  2 hound skeletons
  2 mummies (Ossuary)
  7 gnolls
  2 worker ant zombies (D:5)
  6 adders
  An ooze (D:2)
  An adder skeleton (D:6)
  4 adder zombies (Ossuary)
  2 worms
  2 dart slugs
  6 leopard geckos
  19 orcs
  3 giant cockroaches
  6 goblins
  6 hobgoblins
  10 kobolds
  2 quokkas
  5 ball pythons
  6 bats
  2 frilled lizards
  5 gnoll zombies (Ossuary)
  4 hobgoblin zombies (Ossuary)
  A jackal zombie (D:5)
  5 kobold zombies (Ossuary)
  A leopard gecko skeleton (D:4)
  A leopard gecko zombie (D:5)
  6 orc zombies (Ossuary)
  3 rats
175 creatures vanquished.

Table legend:
 A = Turns spent in this place as a percentage of turns spent in the entire game.
 B = Non-inter-level travel turns spent in this place as a percentage of non-inter-level travel turns spent in the entire game.
 C = Inter-level travel turns spent in this place as a percentage of turns spent in this place.
 D = Turns resting spent in this place as a percentage of non-inter-level travel turns spent in this place.
 E = Turns spent auto-exploring this place as a percentage of non-inter-level travel turns spent in this place.
 F = Non-inter-level travel turns spent in this place divided by the number of levels of this place that you've seen.
                   A       B       C       D       E      F
               +-------+-------+-------+-------+-------+----------------------
         Total | 100.0 | 100.0 |   5.1 |  21.4 |  50.5 | 754.6
       Dungeon |  94.1 |  93.8 |   5.4 |  21.4 |  52.9 | 808.7
       Ossuary |   5.9 |   6.2 |   0.0 |  21.0 |  15.2 | 376.0
               +-------+-------+-------+-------+-------+----------------------

Table legend:
 A = Spawn XP
 B = Non-spawn XP
 C = Spawn XP percentage of total XP
 D = Spawn monster count
 E = Non-spawn monster count
 F = Spawn count percentage of total count
 G = Total turns spent on level
                    A         B        C        D         E        F      G
               +---------+---------+-------+---------+---------+-------+---------
         Total |       0 |    3932 |   0.0 |       0 |     175 |   0.0 |  6363
               +---------+---------+-------+---------+---------+-------+---------
           D:1 |       0 |      21 |   0.0 |       0 |      11 |   0.0 |  1032
           D:2 |       0 |      45 |   0.0 |       0 |      18 |   0.0 |   736
           D:3 |       0 |     368 |   0.0 |       0 |      27 |   0.0 |   920
           D:4 |       0 |     715 |   0.0 |       0 |      31 |   0.0 |   921
           D:5 |       0 |    1165 |   0.0 |       0 |      27 |   0.0 |  1515
           D:6 |       0 |     542 |   0.0 |       0 |      17 |   0.0 |   486
           D:7 |       0 |     789 |   0.0 |       0 |      14 |   0.0 |   377
       Ossuary |       0 |     287 |   0.0 |       0 |      30 |   0.0 |   376
               +---------+---------+-------+---------+---------+-------+---------
